 Dungeon Crawl Stone Soup version 0.29.0-10-g45618ea6d2 (webtiles) character file.

Game seed: 6599770597080642528

185 Persephone the Cleaver (level 5, -2/45 HPs)
             Began as a Hill Orc Monk on Sept 2, 2022.
             Was a Believer of Beogh.
             Splashed by a jelly's acid (7 damage)
             ... on level 4 of the Dungeon.
             The game lasted 00:04:43 (3131 turns).

Persephone the Cleaver (Hill Orc Monk)              Turns: 3131, Time: 00:04:44

Health: -2/45      AC:  0    Str: 16    XL:     5   Next: 64%
Magic:  5/5        EV: 11    Int: 10    God:    Beogh [**....]
Gold:   156        SH:  0    Dex: 13    Spells: 4/4 levels left

rFire   . . .      SeeInvis .   m - +0 hand axe (vorpal)
rCold   . . .      Faith    +   (no shield)
rNeg    . . .      Spirit   .   d - +2 ring mail {Will+}
rPois   .          Reflect  .   f - +0 helmet
rElec   .          Harm     .   (no cloak)
rCorr   .          Rampage  .   (no gloves)
Will    +....                   (no boots)
Stlth   ..........              k - amulet of faith
HPRegen 0.15/turn               (no ring)
MPRegen 0.09/turn               (no ring)

@: confused, ambrosia-drunk, corroded
A: no striking features
a: Renounce Religion, Smiting


You were on level 4 of the Dungeon.
You worshipped Beogh.
Beogh was pleased with you.
You visited 1 branch of the dungeon, and saw 4 of its levels.

You collected 156 gold pieces.

Inventory:

Hand Weapons
 a - a +0 hand axe
 m - a +0 vorpal hand axe (weapon)
 q - a +0 war axe
Armour
 d - a +2 ring mail of willpower (worn)
 e - a +0 ring mail
 f - a +0 helmet (worn)
 j - a +0 chain mail
Jewellery
 b - a ring of wizardry
 k - an amulet of faith (around neck)
Wands
 n - a wand of flame (23)
Scrolls
 g - a scroll of noise {unknown}
 h - a scroll of immolation {unknown}
 l - a scroll of enchant weapon {unknown}
 o - a scroll of amnesia {unknown}
Potions
 i - 2 potions of brilliance
 p - a potion of might {unknown}


   Skills:
 - Level 3.6 Fighting
 + Level 8.1 Axes
 - Level 2.4 Dodging
 - Level 1.5 Stealth


You had 4 spell levels left.
You didn't know any spells.
Your spell library contained the following spells:

 Spells                   Type           Power      Damage    Failure   Level
 Ensorcelled Hibernation  Hex/Ice        0%         N/A       73%         2
 Passwall                 Tmut/Erth      0%         N/A       73%         2
 Swiftness                Air            0%         N/A       91%         3


Dungeon Overview and Level Annotations

Branches:
Dungeon (4/15)
 Temple: D:4-7

Altars:


Message History

You hit the jelly but do no damage.
Your hands burn!
The jelly is moderately wounded.
The jelly hits you. The acid corrodes you!
You are splashed with acid!
You are too injured to fight recklessly!
You are too injured to fight recklessly!
You are too injured to fight recklessly!
You are too injured to fight recklessly!
You are too injured to fight recklessly!
You are too injured to fight recklessly!
You are too injured to fight recklessly!
A jelly is nearby!
A jelly is nearby!
A jelly is nearby!
A jelly is nearby!
A jelly is nearby!
You are too injured to fight recklessly!
You are too injured to fight recklessly!
You are too injured to fight recklessly!
You are too injured to fight recklessly!
You are too injured to fight recklessly!
You are too injured to fight recklessly!
You are too injured to fight recklessly!
You are too injured to fight recklessly!
You are too injured to fight recklessly!
You are too injured to fight recklessly!
You hit the jelly.
Your hands burn!
The jelly is heavily wounded.
The jelly completely misses you.
You hit the jelly.
Your hands burn!
* * * LOW HITPOINT WARNING * * *
The jelly is severely wounded.
The jelly hits you.
* * * LOW HITPOINT WARNING * * *
You are splashed with acid!
* * * LOW HITPOINT WARNING * * *
You are confused.
You feel invigorated. The jelly hits you.
* * * LOW HITPOINT WARNING * * *
You are splashed with acid!
You die...

#### ######### #...##
<.......# ##.....##
........# ####..?....#
........# #....$.....#
........#####.##@......#
.................J......
........##.##..##.....#.
......†.#..###........[.
............##..........
.....<...##.. .:.......(
....>.....#........$..#.
####.##...###..........
#......# ......?.


You could see a jelly.

Vanquished Creatures
  A hound (D:4)
  Ijyb (D:3)
  3 adders
  A worm (D:2)
  A dart slug (D:1)
  3 orcs (D:3)
  7 ball pythons
  4 bats
  2 endoplasms (D:2)
  4 giant cockroaches
  4 goblins
  2 hobgoblins (D:1)
  4 quokkas
  3 frilled lizards
  7 kobolds
  7 rats
54 creatures vanquished.

Vanquished Creatures (others)
  A scorpion (D:3)
  2 orcs (D:3)
  An endoplasm (D:3)
  A rat (D:3)
5 creatures vanquished.

Grand Total: 59 creatures vanquished

Notes
Turn   | Place    | Note
-------+----------+-------------------------------------------
     0 | D:1      | Persephone the Hill Orc Monk began the quest for the Orb.
     0 | D:1      | Reached XP level 1. HP: 19/19 MP: 1/1
   249 | D:1      | Reached XP level 2. HP: 19/26 MP: 2/2
   369 | D:1      | Reached skill level 5 in Axes
   652 | D:1      | You fall into a shaft and drop 1 floor!
   788 | D:1      | Reached XP level 3. HP: 23/31 MP: 3/3
   884 | D:1      | Found a faded altar of an unknown god.
  1412 | D:2      | Reached skill level 6 in Axes
  2084 | D:3      | Noticed a scorpion
  2086 | D:3      | Became a worshipper of Beogh the Brigand
  2086 | D:3      | Reached * piety under Beogh
  2086 | D:3      | Reached ** piety under Beogh
  2101 | D:3      | Killed a scorpion
  2102 | D:3      | Reached skill level 7 in Axes
  2102 | D:3      | Reached XP level 4. HP: 29/39 MP: 4/4
  2512 | D:3      | Reached XP level 5. HP: 45/45 MP: 5/5
  2551 | D:3      | Noticed Ijyb
  2577 | D:3      | Killed Ijyb
  3041 | D:4      | Reached skill level 8 in Axes
  3130 | D:4      | HP: 1/45 [acid (9)]
  3131 | D:4      | Splashed by a jelly's acid

Illustrated notes

Levels and vault maps discovered:
D:1:      matt_arrival_spirals, layout_loops_ring,
          shapermc_ecumenical_altar_totnotflames, minmay_close_crescents
D:2:      cheibrodos_old_hovel, layout_loops_ring, kennysheep_flooded_box
D:3:      layout_basic, gup_sewer_entry_bubbles, kennysheep_boxes, uniq_ijyb
D:4:      layout_rooms

Skill      XL: |  1  2  3  4  5 |
---------------+----------------+-----
Axes           | 5 7 8 |  8.1
Fighting       | |  3.6
Dodging        | |  2.4
Stealth        | |  1.5

Action                   |  1- 3 |  4- 6 || total
-------------------------+-------+-------++-------
Melee: Hand axe          |   132 |    82 ||   214
       Punch             |       |     1 ||     1
Invok: Convert to Beogh  |     1 |       ||     1
  Use: Potion            |       |     3 ||     3
 Stab: Sleeping          |     1 |       ||     1
Armor: Ring mail         |    29 |    13 ||    42
       Robe              |     1 |       ||     1
       Chain mail        |    28 |    13 ||    41
Dodge: Dodged            |    65 |    29 ||    94
